AoeStats
← Chino_malo

Black Forest

510218208Analyzed
3v3 RM · 15h ago on Sep 30, 2026· 67m 12s· 6 players
Game mode
Random Map
Map size
Normal (6 player)
Population
200
Speed
Normal
Resources
Standard
Victory
Conquest
Starting age
Dark Age
Ending age
Imperial Age
RankedLock teamsTeams togetherTeam positionsShared explorationLock speedFull tech treeHidden civsTurbo modeCheats
Victory
Defeat
🇨🇱 Spanish · Chile
981
+15
🇨🇱 Ethiopians · Chile
913
+17
🇨🇱 Teutons · Chile
913
+17
🇵🇪 Saxons · Peru
981
-17
🇵🇪 Danes · Peru
953
-17
🇵🇪 Gurjaras · Peru
902
-15
Gol D. Pichoyito
0:31 Loom
11:17 Feudal Age
15:25 Castle Age
13:32 Town Watch
13:55 Double-Bit Axe
14:03 Horse Collar
17:13 Bow Saw
17:43 Heavy Plow
20:14 Wheelbarrow
25:30 Fletching
26:50 Bodkin Arrow
26:57 Padded Archer Armor
27:40 Gold Mining
27:41 Stone Mining
28:22 Forging
28:12 Scale Mail Armor
29:05 Hand Cart
32:01 Imperial Age
29:54 Thumb Ring
30:48 Leather Archer Armor
30:33 Town Watch
30:25 Crossbowman
32:47 Iron Casting
32:27 Chain Mail Armor
32:15 Squires
32:00 Arson
33:07 Conscription
32:51 Bracer
33:21 Ring Archer Armor
33:16 Ballistics
33:57 Chemistry
33:03 Siege Engineers
34:01 Guilds
33:17 Arbalester
37:45 Blast Furnace
37:15 Plate Mail Armor
37:38 Elite Shotel Warrior
38:34 Caravan
44:03 Scale Barding Armor
45:07 Cavalier
45:48 Husbandry
46:39 Chain Barding Armor
52:52 Two-Man Saw
52:32 Gold Shaft Mining
52:32 Stone Shaft Mining
54:41 Torsion Engines
Magni
12:55 Feudal Age
15:51 Double-Bit Axe
18:26 Castle Age
21:47 Wheelbarrow
22:07 Bow Saw
21:58 Horse Collar
22:38 Stone Mining
24:43 Heavy Plow
27:33 Stone Shaft Mining
26:52 Gold Mining
28:34 Scale Barding Armor
34:40 Imperial Age
32:03 Loom
35:07 Chain Barding Armor
34:50 Padded Archer Armor
35:25 Hand Cart
36:35 Plate Barding Armor
36:17 Leather Archer Armor
37:57 Ballistics
37:07 Elite Conquistador
39:13 Chemistry
38:51 Ring Archer Armor
44:16 Two-Man Saw
45:20 Pikeman
46:03 Squires
46:47 Halberdier
48:18 Forging
48:13 Scale Mail Armor
52:36 Siphons
52:20 Arson
52:53 Chain Mail Armor
53:14 Iron Casting
56:28 Onager
60:43 Husbandry
60:06 Cavalier
62:42 Paladin
Chino_malo
0:30 Loom
13:20 Feudal Age
14:35 Horse Collar
19:56 Castle Age
21:14 Heavy Plow
21:03 Double-Bit Axe
22:38 Caravan
23:44 Bow Saw
31:14 Ballistics
31:11 Masonry
33:39 Bloodlines
34:26 Ironclad
35:31 Forging
35:27 Scale Barding Armor
37:32 Wheelbarrow
37:04 Gambesons
37:20 Squires
37:06 Arson
41:01 Imperial Age
38:48 Hand Cart
38:20 Town Watch
40:04 Pikeman
41:27 Halberdier
43:09 Chemistry
42:00 Cavalier
43:13 Chain Barding Armor
43:29 Iron Casting
43:43 Crenellations
43:30 Fletching
43:41 Scale Mail Armor
46:16 Plate Barding Armor
46:42 Blast Furnace
45:38 Bodkin Arrow
47:05 Paladin
50:14 Chain Mail Armor
b1t
1:33 Loom
12:37 Feudal Age
17:26 Castle Age
17:43 Double-Bit Axe
17:43 Horse Collar
19:52 Bow Saw
20:50 Wheelbarrow
32:06 Heavy Plow
32:18 Caravan
33:10 Hand Cart
35:52 Imperial Age
34:53 Scale Barding Armor
35:00 Forging
34:51 Scale Mail Armor
36:23 Onager
37:35 Chain Barding Armor
37:51 Iron Casting
37:31 Chain Mail Armor
38:21 Gold Mining
39:15 Husbandry
39:25 Bloodlines
38:36 Heavy Camel Rider
39:48 Kshatriyas
43:31 Plate Barding Armor
43:27 Plate Mail Armor
44:24 Crop Rotation
48:19 Chemistry
48:14 Frontier Guards
47:14 Elite Chakram Thrower
48:19 Town Watch
48:17 Siege Elephant
50:02 Fletching
50:13 Padded Archer Armor
51:56 Bodkin Arrow
52:17 Leather Archer Armor
52:27 Ballistics
52:19 Fortified Wall
58:15 Bracer
Rychiplay
1:54 Loom
12:55 Feudal Age
17:06 Castle Age
16:09 Double-Bit Axe
18:30 Bow Saw
19:27 Horse Collar
27:41 Wheelbarrow
34:09 Imperial Age
33:42 Hand Cart
37:18 Elite Skirmisher
42:24 Chemistry
41:35 Padded Archer Armor
41:27 Fletching
44:26 Ballistics
46:50 Forging
46:41 Scale Mail Armor
47:30 Capped Ram
48:49 Squires
60:21 Arson
60:22 Gambesons
60:00 Pikeman
MASTURBIN
1:09 Loom
13:05 Feudal Age
18:08 Castle Age
16:17 Double-Bit Axe
16:14 Horse Collar
19:19 Heavy Plow
19:31 Bow Saw
30:11 Wheelbarrow
29:24 Town Watch
32:22 Imperial Age
29:47 Gold Mining
29:48 Stone Mining
29:51 Fletching
30:01 Padded Archer Armor
30:05 Scale Mail Armor
30:15 Forging
30:23 Fortified Wall
30:24 Masonry
30:35 Ballistics
30:47 Town Patrol
31:13 Hand Cart
32:21 Gold Shaft Mining
32:07 Chain Mail Armor
32:28 Iron Casting
34:40 Architecture
33:50 Shield Wall
34:34 Squires
34:20 Arson
35:08 Plate Mail Armor
34:31 Fletching
35:55 Hoardings
34:58 Elite Varangian Guard
38:01 Conscription
39:04 Bodkin Arrow
39:15 Elite Hearth Troop
40:42 Gambesons
40:19 Pikeman
42:18 Bracer
45:05 Man-at-Arms
45:07 Halberdier
46:09 Siege Engineers
46:22 Long Swordsman
47:18 Heavy Scorpion
47:44 Two-Handed Swordsman
57:12 Capped Ram
61:07 Champion
Connection lost

Rejoining the realm…

Still unreachable

The connection could not be restored.

Session expired

The server has moved on; the page needs a fresh start.